| TOP OF THE 1ST |
|
Calgary Flames batting - Pitching for Houston Colt .45's : RHP Devin Spears
|
|
Pitching: RHP Devin Spears
|
|
|
Batting: RHB Dave McBain
|
0-0: Ball 1-0: Ball 2-0: Bunted foul 2-1: Ground out 6-3 (Groundball, 6, EV 101.9 MPH)
|
|
Batting: RHB Brian DeVoe
|
0-0: Called Strike 0-1: Ball 1-1: Foul Ball, location: 2F 1-2: Fly out, F8 (Line Drive, 8LD, EV 95.6 MPH)
|
|
Batting: RHB Eric McMillian
|
0-0: Ball 1-0: SINGLE (Groundball, 6S, EV 96.2 MPH)
|
|
Batting: RHB Wally Cangro
|
0-0: Ball 1-0: Called Strike 1-1: DOUBLE (Line Drive, 3D, EV 104.4 MPH) Eric McMillian to third
|
|
Batting: RHB Kalidas Mishra
|
0-0: Foul Ball, location: 2F 0-1: Called Strike 0-2: Ball 1-2: Foul Ball, location: 2F 1-2: Foul Ball, location: 2F 1-2: Ball 2-2: Foul Ball, location: 2F 2-2: Ball 3-2: Base on Balls
|
|
Batting: RHB Ricardo Ortiz
|
0-0: SINGLE (Line Drive, 34D, EV 99.4 MPH) Eric McMillian scores Wally Cangro to third Kalidas Mishra to second Runner from 3rd tries for Home, SAFE, throw by RF to home
|
|
Batting: LHB James McCauley
|
0-0: Called Strike 0-1: Ball 1-1: Foul Ball, location: 2F 1-2: Strikes out swinging
|
| Top of the 1st over - 2 runs, 3 hits, 0 errors, 2 left on base; Calgary 2 - Houston 0 |
| BOTTOM OF THE 1ST |
|
Houston Colt .45's batting - Pitching for Calgary Flames : LHP Cory Watson
|
|
Pitching: LHP Cory Watson
|
|
|
Batting: SHB Miguel Sierra
|
0-0: Fly out, F8 (Line Drive, 8RD, EV 92.5 MPH)
|
|
Batting: RHB Juan Mendoza
|
0-0: Called Strike 0-1: Ball 1-1: Swinging Strike 1-2: Ground out 2-3 (Groundball, 15S, EV 65.6 MPH)
|
|
Batting: LHB Bob Dietz
|
0-0: Called Strike 0-1: Called Strike 0-2: Ball 1-2: Strikes out swinging
|
| Bottom of the 1st over - 0 runs, 0 hits, 0 errors, 0 left on base; Calgary 2 - Houston 0 |
| TOP OF THE 2ND |
|
Calgary Flames batting - Pitching for Houston Colt .45's : RHP Devin Spears
|
|
Batting: RHB Mike MacLeod
|
0-0: Ball 1-0: Foul Ball, location: 2F 1-1: SINGLE (Line Drive, 78S, EV 103.1 MPH)
|
|
Batting: RHB Jon Groseclose
|
0-0: Fielders Choice at 2nd, 5-4 (Groundball, 56S, EV 86.9 MPH)
|
|
Batting: RHB Dave McBain
|
0-0: Called Strike 0-1: Fielders Choice at 2nd, 5-4 (Groundball, 5L, EV 80.6 MPH)
|
|
Batting: RHB Brian DeVoe
|
0-0: Called Strike 0-1: Ball Dave McBain is caught stealing 2nd base 2-4
|
| Top of the 2nd over - 0 runs, 1 hit, 0 errors, 0 left on base; Calgary 2 - Houston 0 |
| BOTTOM OF THE 2ND |
|
Houston Colt .45's batting - Pitching for Calgary Flames : LHP Cory Watson
|
|
Batting: LHB Ruben Rojas
|
0-0: Ball 1-0: Ball 2-0: Called Strike 2-1: Foul Ball, location: 2F 2-2: Ground out 6-3 (Groundball, 56D, EV 111.2 MPH)
|
|
Batting: RHB Russ Greer
|
0-0: Fly out, F7 (Flyball, 7, EV 89.4 MPH)
|
|
Batting: RHB Erik Smith
|
0-0: Called Strike 0-1: Foul Ball, location: 2F 0-2: Ball 1-2: Hit by Pitch
|
|
Batting: RHB Gabe Allen
|
0-0: Ball 1-0: Ball 2-0: Called Strike 2-1: Fly out, F8 (Flyball, 89XD, EV 100.0 MPH)
|
| Bottom of the 2nd over - 0 runs, 0 hits, 0 errors, 1 left on base; Calgary 2 - Houston 0 |
| TOP OF THE 3RD |
|
Calgary Flames batting - Pitching for Houston Colt .45's : RHP Devin Spears
|
|
Batting: RHB Brian DeVoe
|
0-0: Foul Ball, location: 2F 0-1: Fly out, F8 (Line Drive, 8RD, EV 96.2 MPH)
|
|
Batting: RHB Eric McMillian
|
0-0: Ground out 4-3 (Groundball, 4, EV 111.2 MPH)
|
|
Batting: RHB Wally Cangro
|
0-0: Called Strike 0-1: Ball 1-1: SOLO HOME RUN (Flyball, 7D, EV 99.4 MPH), Distance : 367 ft
|
|
Batting: RHB Kalidas Mishra
|
0-0: Fly out, F4 (Popup, 4MD, EV 51.9 MPH)
|
| Top of the 3rd over - 1 run, 1 hit, 0 errors, 0 left on base; Calgary 3 - Houston 0 |
| BOTTOM OF THE 3RD |
|
Houston Colt .45's batting - Pitching for Calgary Flames : LHP Cory Watson
|
|
Batting: RHB Tim Watson
|
0-0: Foul Ball, location: 2F 0-1: Ground out 4-3 (Groundball, 4M, EV 105.0 MPH)
|
|
Batting: RHB Josh Willig
|
0-0: Called Strike 0-1: Foul Ball, location: 2F 0-2: Ball 1-2: Ball 2-2: Foul Ball, location: 2F 2-2: Ball 3-2: Foul Ball, location: 2F 3-2: Ground out 4-3 (Groundball, 4D, EV 100.6 MPH)
|
|
Batting: SHB Miguel Sierra
|
0-0: Ball 1-0: Ball 2-0: Called Strike 2-1: SINGLE (Groundball, 4MD, EV 94.4 MPH)
|
|
Batting: RHB Juan Mendoza
|
0-0: Called Strike 0-1: Ball 1-1: Foul Ball, location: 2F 1-2: Ball 2-2: Fly out, F7 (Flyball, 7, EV 93.1 MPH)
|
| Bottom of the 3rd over - 0 runs, 1 hit, 0 errors, 1 left on base; Calgary 3 - Houston 0 |
| TOP OF THE 4TH |
|
Calgary Flames batting - Pitching for Houston Colt .45's : RHP Devin Spears
|
|
Batting: RHB Ricardo Ortiz
|
0-0: Ball 1-0: Fly out, F9 (Flyball, 9, EV 81.9 MPH)
|
|
Batting: LHB James McCauley
|
0-0: Ball 1-0: Ball 2-0: Fly out, F7 (Flyball, 78M, EV 83.1 MPH)
|
|
Batting: RHB Mike MacLeod
|
0-0: Ball 1-0: Swinging Strike 1-1: Swinging Strike 1-2: Ball 2-2: Foul Ball, location: 2F 2-2: Ground out 3-1 (Groundball, 34, EV 81.9 MPH)
|
| Top of the 4th over - 0 runs, 0 hits, 0 errors, 0 left on base; Calgary 3 - Houston 0 |
| BOTTOM OF THE 4TH |
|
Houston Colt .45's batting - Pitching for Calgary Flames : LHP Cory Watson
|
|
Batting: LHB Bob Dietz
|
0-0: Ball 1-0: Foul Ball, location: 2F 1-1: Foul Ball, location: 2F 1-2: Ball 2-2: Ball 3-2: Base on Balls
|
|
Batting: LHB Ruben Rojas
|
0-0: Ball 1-0: Fielders Choice at 2nd, 4-6 (Groundball, 34, EV 96.9 MPH)
|
|
Batting: RHB Russ Greer
|
0-0: Grounds into double play, 4-6-3 (Groundball, 4, EV 80.0 MPH)
|
| Bottom of the 4th over - 0 runs, 0 hits, 0 errors, 0 left on base; Calgary 3 - Houston 0 |
| TOP OF THE 5TH |
|
Calgary Flames batting - Pitching for Houston Colt .45's : RHP Devin Spears
|
|
Batting: RHB Jon Groseclose
|
0-0: Ground out 5-3 (Groundball, 56S, EV 64.4 MPH)
|
|
Batting: RHB Dave McBain
|
0-0: Called Strike 0-1: Fly out, F9 (Flyball, 9, EV 73.8 MPH)
|
|
Batting: RHB Brian DeVoe
|
0-0: Fly out, F7 (Flyball, 78D, EV 77.5 MPH)
|
| Top of the 5th over - 0 runs, 0 hits, 0 errors, 0 left on base; Calgary 3 - Houston 0 |
| BOTTOM OF THE 5TH |
|
Houston Colt .45's batting - Pitching for Calgary Flames : LHP Cory Watson
|
|
Batting: RHB Erik Smith
|
0-0: Ball 1-0: Ball 2-0: Ground out 6-3 (Groundball, 6, EV 85.6 MPH)
|
|
Batting: RHB Gabe Allen
|
0-0: Called Strike 0-1: Ball 1-1: Swinging Strike 1-2: Strikes out swinging
|
|
Batting: RHB Tim Watson
|
0-0: Ball 1-0: Ball 2-0: Ball 3-0: Base on Balls
|
|
Batting: RHB Josh Willig
|
0-0: Called Strike 0-1: Hit by Pitch Tim Watson to second
|
|
Batting: SHB Miguel Sierra
|
0-0: Fly out, F9 (Flyball, 9D, EV 102.5 MPH)
|
| Bottom of the 5th over - 0 runs, 0 hits, 0 errors, 2 left on base; Calgary 3 - Houston 0 |
| TOP OF THE 6TH |
|
Calgary Flames batting - Pitching for Houston Colt .45's : RHP Devin Spears
|
|
Batting: RHB Eric McMillian
|
0-0: Ball 1-0: Ball 2-0: Ball 3-0: Base on Balls
|
|
Batting: RHB Wally Cangro
|
0-0: Called Strike 0-1: SINGLE (Groundball, 6MD, EV 98.8 MPH) Eric McMillian to second Throwing error, E8 Eric McMillian scores Wally Cangro to second
|
|
Batting: RHB Kalidas Mishra
|
0-0: Ball 1-0: Called Strike 1-1: Foul Ball, location: 2F 1-2: Foul Ball, location: 2F 1-2: SINGLE (Groundball, 4MS, EV 75.0 MPH) (infield hit) Wally Cangro to third
|
|
Batting: RHB Ricardo Ortiz
|
0-0: Reached on error, E8 (Line Drive, 8RM, EV 91.2 MPH) Wally Cangro scores Kalidas Mishra to second
|
|
Batting: LHB James McCauley
|
0-0: Ball 1-0: Fly out, F5 (Flyball, 56D, EV 91.2 MPH)
|
|
Batting: RHB Mike MacLeod
|
0-0: Foul Ball, location: 2F 0-1: Foul Ball, location: 2F 0-2: Ball 1-2: Ball 2-2: Ball 3-2: Reached on error, E3 (Groundball, 34, EV 84.4 MPH) Kalidas Mishra to third Ricardo Ortiz to second
|
|
Batting: RHB Jon Groseclose
|
0-0: Fly out, F7 (Flyball, 7LS, EV 88.1 MPH)
|
|
Batting: RHB Dave McBain
|
0-0: Ball 1-0: Ball 2-0: Called Strike 2-1: Ball 3-1: Fielders Choice at 2nd, 5-4 (Groundball, 56, EV 80.0 MPH)
|
| Top of the 6th over - 2 runs, 2 hits, 3 errors, 3 left on base; Calgary 5 - Houston 0 |
| BOTTOM OF THE 6TH |
|
Houston Colt .45's batting - Pitching for Calgary Flames : LHP Cory Watson
|
|
Batting: RHB Juan Mendoza
|
0-0: Ball 1-0: Ball 2-0: Ball 3-0: Called Strike 3-1: Called Strike 3-2: Base on Balls
|
|
Batting: LHB Bob Dietz
|
0-0: Ball 1-0: Foul Ball, location: 2F 1-1: Called Strike 1-2: Strikes out swinging
|
|
Batting: LHB Ruben Rojas
|
0-0: Called Strike 0-1: Ball 1-1: Ground out 4-3 (Groundball, 34S, EV 71.2 MPH) Juan Mendoza to second
|
|
Batting: RHB Russ Greer
|
0-0: Ball 1-0: SINGLE (Line Drive, 9S, EV 93.8 MPH) Juan Mendoza to third Runner from 3rd tries for Home, SAFE, throw by RF to home
|
|
Pitching: RHP Dave Waterman
|
|
|
Batting: RHB Erik Smith
|
0-0: Fielders Choice at 2nd, 6-4 (Groundball, 6, EV 87.5 MPH)
|
| Bottom of the 6th over - 1 run, 1 hit, 0 errors, 1 left on base; Calgary 5 - Houston 1 |
| TOP OF THE 7TH |
|
Calgary Flames batting - Pitching for Houston Colt .45's : RHP Devin Spears
|
|
Batting: RHB Brian DeVoe
|
0-0: Called Strike 0-1: Ball 1-1: Called Strike 1-2: Foul Ball, location: 2F 1-2: Ground out 5-3 (Groundball, 56, EV 87.5 MPH)
|
|
Batting: RHB Eric McMillian
|
0-0: Ball 1-0: Ball 2-0: Ball 3-0: Base on Balls
|
|
Batting: RHB Wally Cangro
|
Pickoff Throw to First - Out! 1-3 0-0: Swinging Strike 0-1: Foul Ball, location: 2F 0-2: Ball 1-2: Fly out, F3 (Popup, 34, EV 75.0 MPH)
|
| Top of the 7th over - 0 runs, 0 hits, 0 errors, 0 left on base; Calgary 5 - Houston 1 |
| BOTTOM OF THE 7TH |
|
Houston Colt .45's batting - Pitching for Calgary Flames : RHP Dave Waterman
|
|
Batting: RHB Gabe Allen
|
0-0: Foul Ball, location: 2F 0-1: Ball 1-1: Ball 2-1: Foul Ball, location: 2F 2-2: Foul Ball, location: 2F 2-2: Fly out, F7 (Flyball, 7D, EV 81.9 MPH)
|
|
Batting: RHB Tim Watson
|
0-0: Ball 1-0: Fly out, F9 (Flyball, 9S, EV 81.9 MPH)
|
|
Batting: RHB Josh Willig
|
0-0: Ball 1-0: Ball 2-0: Ball 3-0: Called Strike 3-1: Foul Ball, location: 2F 3-2: Foul Ball, location: 2F 3-2: Strikes out looking
|
| Bottom of the 7th over - 0 runs, 0 hits, 0 errors, 0 left on base; Calgary 5 - Houston 1 |
| TOP OF THE 8TH |
|
Calgary Flames batting - Pitching for Houston Colt .45's : RHP Devin Spears
|
|
Batting: RHB Kalidas Mishra
|
0-0: Called Strike 0-1: Foul Ball, location: 2F 0-2: Foul Ball, location: 2F 0-2: Foul Ball, location: 2F 0-2: Ball 1-2: Fly out, F7 (Flyball, 7, EV 96.9 MPH)
|
|
Batting: RHB Ricardo Ortiz
|
0-0: Called Strike 0-1: Called Strike 0-2: Fly out, F3 (Popup, 3SF, EV 71.9 MPH)
|
|
Batting: LHB James McCauley
|
0-0: Ball 1-0: Ground out 4-3 (Groundball, 34, EV 90.6 MPH)
|
| Top of the 8th over - 0 runs, 0 hits, 0 errors, 0 left on base; Calgary 5 - Houston 1 |
| BOTTOM OF THE 8TH |
|
Houston Colt .45's batting - Pitching for Calgary Flames : RHP Dave Waterman
|
|
Pitching: RHP Ching Ge
|
|
|
Batting: SHB Miguel Sierra
|
0-0: Called Strike 0-1: Ball 1-1: Foul Ball, location: 2F 1-2: Foul Ball, location: 2F 1-2: Strikes out swinging
|
|
Batting: RHB Juan Mendoza
|
0-0: Called Strike 0-1: Ball 1-1: Swinging Strike 1-2: Strikes out swinging
|
|
Batting: LHB Bob Dietz
|
0-0: Swinging Strike 0-1: Swinging Strike 0-2: Ball 1-2: Ball 2-2: Strikes out swinging
|
| Bottom of the 8th over - 0 runs, 0 hits, 0 errors, 0 left on base; Calgary 5 - Houston 1 |
| TOP OF THE 9TH |
|
Calgary Flames batting - Pitching for Houston Colt .45's : RHP Devin Spears
|
|
Batting: RHB Mike MacLeod
|
0-0: Ball 1-0: Ball 2-0: Ground out 6-3 (Groundball, 6, EV 101.2 MPH)
|
|
Batting: LHB Ramon Vega
|
0-0: Swinging Strike 0-1: Foul Ball, location: 2F 0-2: SINGLE (Groundball, 4MD, EV 99.4 MPH)
|
|
Batting: RHB Dave McBain
|
0-0: DOUBLE (Line Drive, 78D, EV 111.9 MPH) Ramon Vega to third Ramon Vega scores
|
|
Batting: RHB Brian DeVoe
|
0-0: Called Strike Dave McBain steals 3rd base 0-1: Ball 1-1: Foul Ball, location: 2F 1-2: Foul Ball, location: 2F 1-2: Foul Ball, location: 2F 1-2: Foul Ball, location: 2F 1-2: Ground out 6-3 (Groundball, 6, EV 89.4 MPH) Dave McBain scores
|
|
Batting: RHB Eric McMillian
|
0-0: Ball 1-0: Called Strike 1-1: Ball 2-1: Called Strike 2-2: SOLO HOME RUN (Line Drive, 78XD, EV 113.8 MPH), Distance : 437 ft
|
|
Pitching: RHP Hector Carrillo
|
|
|
Batting: RHB Wally Cangro
|
0-0: Swinging Strike 0-1: Foul Ball, location: 2F 0-2: Fly out, F7 (Flyball, 7, EV 91.2 MPH)
|
| Top of the 9th over - 3 runs, 3 hits, 0 errors, 0 left on base; Calgary 8 - Houston 1 |
| BOTTOM OF THE 9TH |
|
Houston Colt .45's batting - Pitching for Calgary Flames : RHP Ching Ge
|
|
Batting: LHB Ruben Rojas
|
0-0: Ground out 4-3 (Groundball, 4, EV 86.9 MPH)
|
|
Batting: RHB Russ Greer
|
0-0: Ball 1-0: Called Strike 1-1: Called Strike 1-2: Strikes out swinging
|
|
Batting: RHB Erik Smith
|
0-0: Ball 1-0: Foul Ball, location: 2F 1-1: Called Strike 1-2: Strikes out swinging
|
| Bottom of the 9th over - 0 runs, 0 hits, 0 errors, 0 left on base; Calgary 8 - Houston 1 |
|